 Dungeon Crawl Stone Soup version 0.32-a0-996-gb3226c233f (webtiles) character file.

Game seed: 15439924026680981591

4678 bmj180 the Destroyer (level 10, -17/71 HPs)
             Began as a Human Conjurer on Apr 23, 2024.
             Was a Priest of Sif Muna.
             Shot with an arrow by a centaur warrior (25 damage)
             ... on level 9 of the Dungeon.
             The game lasted 00:25:24 (11146 turns).

bmj180 the Destroyer (Human Conjurer)              Turns: 11146, Time: 00:25:24

Health: -17/71     AC:  9    Str: 10    XL:     10   Next: 44%
Magic:  12/19      EV: 12    Int: 22    God:    Sif Muna [***...]
Gold:   29         SH:  0    Dex: 18    Spells: 15/22 levels left

rFire   . . .        a - +3 war axe (elec)
rCold   . . .        (no shield)
rNeg    . . .        Z - +0 leather armour "Fietren" {rPois Str+2}
rPois   +            N - +1 helmet
rElec   .            A - +0 cloak
rCorr   .            D - +0 pair of gloves
SInv    .            w - +0 pair of boots
Will    +....        (no amulet)
Stlth   ++           z - ring of willpower
HPRegen 0.31/turn    d - +6 ring of dexterity
MPRegen 0.16/turn

%: no passive effects
@: no status effects
A: explore regen
a: Renounce Religion, Channel Magic, Forget Spell


You were on level 9 of the Dungeon.
You worshipped Sif Muna.
Sif Muna was most pleased with you.
You visited 2 branches of the dungeon, and saw 10 of its levels.
You also visited: Ossuary.

You collected 29 gold pieces.

Inventory:

Hand Weapons
 a - a +3 war axe of electrocution (weapon)
 i - a +0 trident of freezing
 l - a +1 heavy flail
 n - a +1 halberd of flaming
 H - a +2 dagger of venom
 I - a +2 whip of venom
 M - a +4 dagger of draining
 O - a +4 scimitar of flaming
 P - a +2 dagger of pain
 T - a +0 morningstar of venom
 U - a +3 halberd
 X - a +0 trident
 Y - a +1 vampiric dagger
Missiles
 f - 73 stones
 h - a poisoned dart (quivered)
 y - a throwing net
 F - 2 silver javelins
Armour
 c - a +0 buckler
 w - a +0 pair of boots (worn)
 A - a +0 cloak (worn)
 D - a +0 pair of gloves (worn)
 N - a +1 helmet (worn)
 Z - the +0 leather armour "Fietren" (worn) {rPois Str+2}
   (You found it on level 6 of the Dungeon)

   Str+2:     It affects your strength (+2).
   rPois:     It protects you from poison.
Magical Staves
 j - a staff of death
 S - a staff of alchemy
Jewellery
 d - a +6 ring of dexterity (right hand)
 q - a ring of fire
 t - an amulet of guardian spirit
 v - a ring of protection from cold
 z - a ring of willpower (left hand)
 G - a ring of ice
 J - a ring of protection from cold
Talismans
 E - a blade talisman
Wands
 r - a wand of digging (3)
Scrolls
 e - 4 scrolls of teleportation
 k - 2 scrolls of vulnerability
 u - 2 scrolls of amnesia
 x - a scroll of enchant weapon
 R - a scroll of blinking
Potions
 b - 2 potions of magic
 g - a potion of degeneration {unknown}
 m - 6 potions of curing
 o - a potion of berserk rage
 p - 2 potions of ambrosia
 s - 5 potions of lignification
 B - a potion of enlightenment {unknown}
 C - a potion of cancellation
 K - a potion of heal wounds
 L - a potion of invisibility
 Q - 3 potions of mutation
 W - a potion of haste


   Skills:
 * Level 3.8 Fighting
 + Level 1.4 Short Blades
 * Level 4.5 Axes
 * Level 2.0 Throwing
 * Level 4.3 Armour
 + Level 3.0 Dodging
 + Level 3.4 Stealth
 * Level 6.6 Spellcasting
 * Level 8.4 Conjurations
 * Level 4.0 Alchemy
 * Level 4.2 Invocations
 * Level 2.1 Evocations


You had 15 spell levels left.
You knew the following spells:

 Your Spells              Type           Power      Damage    Failure   Level
a - Magic Dart            Conj           100%       1d8       1%          1
b - Searing Ray           Conj           88%        2d7       1%          2
c - Fulminant Prism       Conj/Alch      17%        3d11      9%          4

Your spell library contained the following spells:

 Spells                   Type           Power      Damage    Failure   Level
 Cigotuvi's Dreadful Rot  Necr/Alch/Air  26%        N/A       10%         2
 Sublimation of Blood     Necr           7%         N/A       17%         2
 Iskenderun's Mystic Bla Conj/Tloc 25%            2d7        (+2d3     21%         4
 Sigil of Binding         Hex            7%         N/A       34%         3
 Anguish                  Hex/Necr       3%         N/A       75%         4
 Cause Fear               Hex            3%         N/A       75%         4
 Dispel Undead            Necr           7%         3d8       75%         4
 Martyr's Knell           Necr/Summ      7%         N/A       75%         4
 Curse of Agony           Necr           7%         N/A       97%         5
 Enfeeble                 Hex            3%         N/A       100%        7
 Rimeblight               Ice/Necr       3%         2d4       (prima100%   7


Dungeon Overview and Level Annotations

Branches:
Dungeon (9/15)             Temple (1/1) D:7            Lair (0/5) D:8
Ossuary (visited)
    Orc: D:9-12

Altars:
Ashenzari
Cheibriados
Dithmenos
Elyvilon
Fedhas
Gozag
Hepliaklqana
Kikubaaqudgha
Makhleb
Nemelex Xobeh
Okawaru
Qazlal
Ru
Sif Muna
Trog
Uskayaw
Vehumet
Wu Jian
Xom
Yredelemnul
Zin
Beogh

Shops:
D:6 :   D:9 *

Annotations:
D:8 Maurice


Innate Abilities, Weirdness & Mutations

You regain HP and MP as you explore.


Message History

The howler monkey misses you.
Unknown command.
Unknown command.
The searing ray hits the howler monkey.
You kill the howler monkey!
Sif Muna accepts your kill.
You start resting.
A centaur warrior is nearby!
A centaur warrior is nearby!
Casting: Searing Ray (safe; 1% risk of failure)
Confirm with . or Enter, or press ? or * to list all spells.
Aiming: Searing Ray (safe; 1% risk of failure)
Press: ? - help, Shift-Dir - straight line, f - centaur warrior
Aim: a centaur warrior (moderately wounded, wandering, hasn't noticed you, 87% to hit)
Okay, then.
Casting: Searing Ray (safe; 1% risk of failure)
Confirm with . or Enter, or press ? or * to list all spells.
Okay, then.
Casting: Searing Ray (safe; 1% risk of failure)
Confirm with . or Enter, or press ? or * to list all spells.
Aiming: Fulminant Prism (dangerous; 9% risk of failure)
Press: ? - help, Dir - move target You conjure a prism of explosive energy!
The centaur warrior shouts!
A fulminant prism comes into view.
The centaur warrior wields a +0 orcbow.
The centaur warrior shoots an arrow.
The arrow hits you!
* * * LOW HITPOINT WARNING * * *
Casting: Fulminant Prism (dangerous; 9% risk of failure)
Confirm with . or Enter, or press ? or * to list all spells.
Aiming: Searing Ray (safe; 1% risk of failure)
Press: ? - help, Shift-Dir - straight line, f - centaur warrior
Aim: a centaur warrior, wielding a +0 orcbow (moderately wounded, ally target, 87% to hit)
The searing ray misses the centaur warrior. (Press . to maintain the ray.)
The centaur warrior shoots an arrow.
The arrow hits you!
* * * LOW HITPOINT WARNING * * *
Your fulminant prism crackles loudly.
The centaur warrior shoots an arrow.
The arrow hits you!!
You die...

.. .. ..
#h #. #.
####c####
#...*†.@#
#.##.#..#
#....#
###).#
...#
##.## #.#
#..


You could see a centaur warrior (ally target) and a friendly fulminant prism.

Vanquished Creatures
  Erica (D:9)
  A deep elf pyromancer (D:9)
  Sigmund (D:3)
  A yak (shapeshifter) (D:9)
  A steam dragon (D:7)
  2 vampire mosquitoes (D:7)
  3 water moccasins
  2 orc warriors
  An ice beast (D:4)
  A sky beast (D:6)
  2 wolves (D:8)
  An elf zombie (Ossuary)
  2 kobold brigands
  A scorpion (D:7)
  4 bullfrogs
  3 gnoll sergeants
  5 wights (D:8)
  5 howler monkeys
  4 orc priests
  A bombardier beetle (D:5)
  2 hounds
  A sleepcap (D:6)
  A gnoll bouda (D:6)
  Ijyb (D:3)
  4 orc wizards
  4 mummies (Ossuary)
  2 hound zombies (Ossuary)
  19 gnolls
  18 adders
  3 white imps
  An adder zombie (Ossuary)
  3 ribbon worms (D:3)
  5 dart slugs
  21 orcs
  3 endoplasms
  3 giant cockroaches
  5 goblins
  3 hobgoblins
  5 jackals
  18 kobolds
  3 quokkas
  13 ball pythons
  9 bats
  A gnoll zombie (Ossuary)
  4 hobgoblin zombies (Ossuary)
  A jackal zombie (Ossuary)
  A kobold zombie (Ossuary)
  An orc zombie (Ossuary)
  3 rats
  A butterfly (D:7)
201 creatures vanquished.

Vanquished Creatures (others)
  An orc (D:9)
  11 fulminant prisms
12 creatures vanquished.

Grand Total: 213 creatures vanquished

Notes
Turn   | Place    | Note
-------+----------+-------------------------------------------
     0 | D:1      | bmj180 the Human Conjurer began the quest for the Orb.
     0 | D:1      | Reached XP level 1. HP: 13/13 MP: 3/3
   155 | D:1      | Reached XP level 2. HP: 19/19 MP: 1/5
   786 | D:1      | Reached XP level 3. HP: 23/24 MP: 0/6
   789 | D:1      | Learned a level 2 spell: Searing Ray
  2287 | D:3      | Reached skill level 1 in Fighting
  2287 | D:3      | Reached skill level 1 in Armour
  2287 | D:3      | Reached XP level 4. HP: 32/32 MP: 1/7
  2562 | D:3      | Noticed Ijyb
  2741 | D:3      | Reached skill level 5 in Conjurations
  2797 | D:3      | Reached XP level 5. HP: 37/37 MP: 4/9
  2946 | D:3      | Noticed Sigmund
  2955 | D:3      | Killed Sigmund
  2956 | D:3      | Reached skill level 1 in Short Blades
  2956 | D:3      | Reached XP level 6. HP: 43/43 MP: 1/10
  3205 | D:3      | Found a faded altar of an unknown god.
  3299 | D:3      | Found a shimmering blue altar of Sif Muna.
  3305 | D:3      | Became a worshipper of Sif Muna the Loreminder
  3472 | D:3      | Killed Ijyb
  3618 | D:4      | Reached skill level 1 in Alchemy
  3899 | D:4      | Found a sparkling altar of Nemelex Xobeh.
  4140 | D:4      | Reached XP level 7. HP: 49/49 MP: 9/12
  4220 | D:4      | Found a roughly hewn altar of Beogh.
  4258 | D:4      | Reached * piety under Sif Muna
  4259 | D:4      | Reached skill level 1 in Invocations
  4402 | D:4      | Reached skill level 6 in Conjurations
  4641 | D:5      | Entered Level 5 of the Dungeon
  4671 | D:5      | Reached skill level 1 in Axes
  4758 | D:5      | Found a shimmering altar of Xom.
  5680 | D:6      | Found a radiant altar of Vehumet.
  5712 | D:6      | Reached XP level 8. HP: 40/56 MP: 4/14
  6551 | D:6      | Found Ruecon's Tremendous Tomes.
  7077 | D:6      | Identified the +0 leather armour "Fietren" {rPois Str+2}
  7301 | D:7      | Reached skill level 7 in Conjurations
  7440 | D:7      | Reached ** piety under Sif Muna
  7441 | D:7      | Reached skill level 5 in Spellcasting
  7561 | D:7      | Found a sand-covered staircase.
  7575 | D:7      | Reached XP level 9. HP: 34/62 MP: 7/17
  7584 | Ossuary  | Entered an ossuary
  8237 | D:7      | Reached skill level 1 in Throwing
  8626 | D:7      | Found a staircase to the Ecumenical Temple.
  8684 | Temple   | Entered the Ecumenical Temple
  8819 | D:7      | Learned a level 4 spell: Fulminant Prism
  8836 | D:8      | Noticed Maurice
  8843 | D:7      | Reached *** piety under Sif Muna
  9114 | D:8      | Reached skill level 1 in Evocations
  9142 | D:8      | Reached skill level 8 in Conjurations
  9312 | D:7      | HP: 1/64 [orc warrior/+0 flail (6)]
  9589 | D:8      | Reached XP level 10. HP: 46/70 MP: 9/19
  9753 | D:8      | Something stole a +5 flail
  9754 | D:8      | Something stole an amulet of faith
  9759 | D:8      | Something stole a +2 kite shield
  9763 | D:8      | Something stole 24 poisoned darts
  9764 | D:8      | Something stole a blade talisman
  9765 | D:8      | Something stole 430 gold
  9956 | D:8      | Found a staircase to the Lair.
 10037 | D:8      | Something stole 100 gold
 10337 | D:8      | Found a hazy altar of Hepliaklqana.
 10625 | D:9      | Noticed Erica
 10650 | D:9      | Killed Erica
 10825 | D:9      | Found Yghocum's General Store.
 10837 | D:9      | Noticed a deep elf pyromancer
 10911 | D:9      | Killed a deep elf pyromancer
 10971 | D:9      | Noticed a two-headed ogre
 11013 | D:9      | Noticed a meliai
 11018 | D:9      | Noticed a purple ugly thing
 11109 | D:9      | Noticed a tengu warrior
 11114 | D:9      | Noticed a centaur warrior
 11118 | D:9      | HP: 3/71 [tengu warrior/+3 long sword (3)]
 11146 | D:9      | Shot with an arrow by a centaur warrior

Illustrated notes

Levels and vault maps discovered:
D:1:      minmay_arrival_doors, layout_basic
D:2:      layout_loops_ring, serial_bayou, serial_bayou_ford_a,
          serial_bayou_lake_a, serial_bayou_pond_b, serial_bayou_pond_e,
          kennysheep_cross_room, minmay_misc_feat_secret_circle,
          minmay_tiny_reverse_x
D:3:      layout_basic, led_sif_pool, chequers_ecumenical_altar_island,
          uniq_sigmund, uniq_ijyb
D:4:      layout_loops_ring, nemelex_spade_bored_becter, kennysheep_orc_chapel
D:5:      layout_cave_pods, kennysheep_mini, chequers_decorated_corner
D:6:      layout_basic, fiery_altar_vehumet, nicolae_shop_i_like_big_books,
          nicolae_half_adder
D:7:      layout_loops_ring, minmay_temple_entry_butterflies, enter_ossuary_2,
          minivault_4
D:8:      layout_cave_pools, mainiacjoe_overflow_chevrons,
          erik_lair_orcish_takeover, nrook_mini_backslash, uniq_maurice
D:9:      layout_loops_cross, orc_0_dummy, serial_shops, shop,
          nicolae_concentric_dashed_squares_mild, corner_web_ring, minivault_28,
          uniq_erica
Temple:   nicolae_temple_bog_church

Skill      XL: |  1  2  3  4  5  6  7  8  9 10 |
---------------+-------------------------------+-----
Fighting       | 1 2 3 |  3.8
Armour         | 1 2 3 4 |  4.3
Conjurations   | 5 6 7 8 |  8.4
Short Blades   | 1 |  1.4
Spellcasting   | 3 4 5 6 |  6.6
Alchemy        | 1 2 3 4 |  4.0
Invocations    | 1 2 3 4 |  4.2
Axes           | 1 2 3 4 |  4.5
Stealth        | 3 |  3.4
Throwing       | 2 |  2.0
Evocations     | 1 2 |  2.1
Dodging        | 3 |  3.0

Action                     |  1- 3 |  4- 6 |  7- 9 | 10-12 || total
---------------------------+-------+-------+-------+-------++-------
  Melee: Hand axe          |     3 |       |       |       ||     3
         Whip              |     2 |       |       |       ||     2
         Dagger            |       |     5 |       |       ||     5
         War axe           |       |     1 |    64 |    17 ||    82
  Throw: Dart              |       |       |       |     7 ||     7
   Cast: Magic Dart        |    67 |    67 |   128 |    14 ||   276
         Searing Ray       |       |     8 |    61 |    12 ||    81
         Fulminant Prism   |       |       |       |    12 ||    12
  Evoke: Wand              |       |       |     5 |     1 ||     6
    Use: Scroll            |       |       |    19 |     1 ||    20
         Potion            |       |       |     2 |     1 ||     3
 Armour: Robe              |     7 |    19 |    24 |       ||    50
         Leather armour    |       |       |   127 |    61 ||   188
         Skin              |       |       |       |    24 ||    24
  Dodge: Dodged            |    17 |    18 |   134 |    36 ||   205

Table legend: (Time is in decaauts)
 A = Elapsed time spent in this place.
 B = Non-inter-level travel time spent in this place.
 C = Inter-level travel time spent in this place.
 D = Time resting spent in this place.
 E = Time spent auto-exploring this place.
 F = Levels seen in this place.
 G = Mean time per level.
                   A        B        C        D        E       F      G
               +--------+--------+--------+--------+--------+-----+--------+
         Total |  11225 |  10887 |    338 |   1791 |   6512 |  11 | 1020.5 |
       Dungeon |  10802 |  10465 |    337 |   1744 |   6270 |   9 | 1200.2 |
        Temple |      1 |      0 |      1 |      0 |      0 |   1 |    1.0 |
       Ossuary |    420 |    420 |      0 |     47 |    242 |   1 |  420.0 |
               +--------+--------+--------+--------+--------+-----+--------+

Top non-repeatable levels by time:
     D:7: 1825 daAuts
     D:6: 1619 daAuts
     D:1: 1393 daAuts
     D:3: 1271 daAuts
     D:4: 1041 daAuts
     D:5: 1022 daAuts
     D:8: 1008 daAuts
     D:2: 995 daAuts
     D:9: 624 daAuts
 Ossuary: 420 daAuts
  Temple: 1 daAuts
